 Seeded DCSS version 0.29.0-7-g18a832c13a (webtiles) character file.

Game seed: 1 (custom seed)

1232 Kazon the Slasher (level 8, -2/67 HPs)
             Began as a Demigod Fighter on Aug 30, 2022.
             Slain by Duvessa
             ... wielding a +0 rapier
              (10 damage)
             ... on level 5 of the Dungeon.
             The game lasted 00:14:48 (3259 turns).

Kazon the Slasher (Demigod Fighter)                 Turns: 3259, Time: 00:14:49

Health: -2/67      AC: 12    Str: 21    XL:     8   Next: 3%
Magic:  10/10      EV: 10    Int: 10    God:
Gold:   116        SH:  5    Dex: 17    Spells: 7/7 levels left

rFire   . . .      SeeInvis .   s - +3 falchion of Winter {venom, rCorr}
rCold   + . .      Faith    .   c - +0 buckler
rNeg    . . .      Spirit   .   b - +0 scale mail
rPois   .          Reflect  .   m - +0 helmet
rElec   .          Harm     .   (no cloak)
rCorr   +          Rampage  .   (no gloves)
Will    .....                   q - +3 pair of mountain boots {steadfast, rC+}
Stlth   ..........              f - amulet of regeneration
HPRegen 1.01/turn               (no ring)
MPRegen 0.12/turn               (no ring)

@: no status effects
A: high MP 1, forlorn, divine attributes
a: no special abilities


You were on level 5 of the Dungeon.
You visited 1 branch of the dungeon, and saw 5 of its levels.

You collected 300 gold pieces.
You spent 184 gold pieces at shops.

Inventory:

Hand Weapons
 a - a +0 long sword
 e - a +2 dagger of venom
 s - the +3 falchion of Winter (weapon) {venom, rCorr}
   (You bought it in a shop on level 3 of the Dungeon)

   It poisons the flesh of those it strikes.
   rCorr:     It protects you from acid and corrosion.
Missiles
 j - 17 stones
 l - 11 poisoned darts (quivered)
 p - 4 boomerangs
Armour
 b - a +0 scale mail (worn)
 c - a +0 buckler (worn)
 m - a +0 helmet (worn)
 q - the +3 pair of mountain boots (worn) {steadfast, rC+}
   (You acquired it on level 1 of the Dungeon)

   It prevents involuntary movement, except for blinking, teleportation, or
   banishment.
   rC:        It protects you from cold.
Jewellery
 f - an amulet of regeneration (around neck)
Wands
 w - a wand of flame (15)
 y - a wand of mindburst (12)
Scrolls
 i - 2 scrolls of identify {unknown}
 o - a scroll of immolation {unknown}
 r - a scroll of fog {unknown}
 t - 2 scrolls of enchant weapon {unknown}
 v - a scroll of vulnerability {unknown}
 x - a scroll of blinking {unknown}
Potions
 d - a potion of might
 g - a potion of haste {unknown}
 h - a potion of curing {unknown}
 u - a potion of magic {unknown}
 z - a potion of ambrosia {unknown}


   Skills:
 * Level 4.9 Fighting
 + Level 1.0(3.6) Short Blades
 + Level 5.6(5.7) Long Blades
 + Level 2.5 Throwing
 + Level 3.8 Armour
 + Level 1.8 Dodging
 + Level 3.5 Shields
 * Level 2.4 Evocations


You had 7 spell levels left.
You didn't know any spells.
Your spell library contained the following spells:

 Spells                   Type           Power      Damage    Failure   Level
 Apportation              Tloc           0%         N/A       80%         1
 Necrotise                Necr           0%         1d4       80%         1
 Sting                    Tmut/Pois      0%         1d3       80%         1
 Summon Small Mammal      Summ           0%         N/A       80%         1
 Ensorcelled Hibernation  Hex/Ice        0%         N/A       90%         2
 Poisonous Vapours        Pois/Air       0%         N/A       90%         2
 Spider Form              Tmut/Pois      0%         N/A       99%         3
 Anguish                  Hex/Necr       0%         N/A       100%        4
 Olgreb's Toxic Radiance  Pois           0%         N/A       100%        4


Dungeon Overview and Level Annotations

Branches:
Dungeon (5/15)
 Temple: D:4-7

Shops:
D:3 (

Annotations:
D:5 Duvessa


Innate Abilities, Weirdness & Mutations

You have an increased reservoir of magic. (+10% MP)
You shall have no god before yourself.
Your divine heritage dramatically boosts your attributes as you level up.


Message History

Found 2 murky ruby potions.
Dowan points at you and mumbles some strange words.
The puff of flame hits you but does no damage.
You hit Dowan.
Dowan is poisoned.
Dowan is lightly wounded.
Dowan hits you but does no damage.
You slash Dowan!
Dowan looks as sick as possible!
Dowan is heavily wounded.
Dowan hits you but does no damage.
You miss Dowan.
Dowan is severely wounded.
Dowan hits you but does no damage.
You hit Duvessa but do no damage.
Duvessa is poisoned.
Duvessa completely misses you. Dowan hits you but does no damage.
You hit Duvessa.
Duvessa looks as sick as possible!
Duvessa is lightly wounded.
You kill Dowan!
Duvessa screams, "No!
How DARE you!"
Duvessa goes berserk!
You block Duvessa's attack.
You have reached level 8!
You hit Duvessa.
Duvessa looks as sick as possible!
Duvessa is moderately wounded.
Duvessa hits you with a +0 rapier! x2
You hit Duvessa but do no damage.
Duvessa looks as sick as possible!
Duvessa is moderately wounded.
Duvessa hits you with a +0 rapier!
You hit Duvessa.
Duvessa looks as sick as possible!
Duvessa is moderately wounded.
Duvessa hits you with a +0 rapier! x2
* * * LOW HITPOINT WARNING * * *
You hit Duvessa but do no damage.
Duvessa looks as sick as possible!
Duvessa is moderately wounded.
Duvessa hits you with a +0 rapier!
* * * LOW HITPOINT WARNING * * *
Duvessa attacks as you move away! You block Duvessa's attack.
Duvessa barely misses you.
You hit Duvessa but do no damage.
Duvessa is heavily wounded.
Duvessa hits you with a +0 rapier!
You die...

....... .# ....... #.##
.#..... ....... #..
........ ....... #.#
#...... .......
####.###.#..## .......
.............#
......)#####..........#
#.e@..'..........###
#.#####............. #.
#............. #.
#............. #.
#######....... #.
#....... .! #....... ##
#....... #.......


You could see Duvessa (berserk, extremely poisoned).

Vanquished Creatures
  Eustachio (D:4)
  A water moccasin (D:4)
  A black bear (D:4)
  4 ogres
  A phantom (D:4)
  Dowan (D:5)
  A howler monkey (D:4)
  3 hounds
  An orc priest (D:4)
  An iguana (D:4)
  2 orc wizards
  Natasha (twice) (D:4)
  3 gnolls (D:2)
  2 adders (D:2)
  An ufetubus (D:4)
  2 worms
  3 dart slugs
  12 orcs
  7 endoplasms
  A giant cockroach (D:1)
  8 goblins
  12 hobgoblins
  7 jackals
  8 kobolds
  4 quokkas
  5 ball pythons
  2 bats
  4 frilled lizards
  5 rats
105 creatures vanquished.

Notes
Turn   | Place    | Note
-------+----------+-------------------------------------------
     0 | D:1      | Kazon the Demigod Fighter began the quest for the Orb.
     0 | D:1      | Reached XP level 1. HP: 18/18 MP: 3/3
    37 | D:1      | Identified a scroll of acquirement
    37 | D:1      | Acquired the +3 pair of mountain boots {steadfast, rC+}
    37 | D:1      | Found the +3 pair of mountain boots {steadfast, rC+}
   170 | D:1      | Reached skill level 2 in Long Blades
   252 | D:1      | Reached XP level 2. HP: 24/25 MP: 4/4
   891 | D:3      | Found Umat's Antique Weapon Boutique.
  1148 | D:2      | Reached XP level 3. HP: 30/30 MP: 5/5
  1491 | D:2      | Reached XP level 4. HP: 38/38 MP: 6/6
  1498 | D:2      | Reached skill level 3 in Long Blades
  1578 | D:3      | Bought a crude falchion for 184 gold pieces
  1578 | D:3      | Identified the +3 falchion of Winter {venom, rCorr} (You
                  | bought it in a shop on level 3 of the Dungeon)
  2005 | D:4      | Noticed an ogre
  2028 | D:4      | Killed an ogre
  2029 | D:4      | Reached skill level 1 in Throwing
  2029 | D:4      | Reached skill level 1 in Dodging
  2029 | D:4      | Reached XP level 5. HP: 30/45 MP: 7/7
  2035 | D:4      | Noticed Natasha
  2043 | D:4      | Killed Natasha
  2111 | D:4      | Reached XP level 6. HP: 50/52 MP: 8/8
  2193 | D:4      | Noticed Eustachio
  2218 | D:4      | Killed Eustachio
  2219 | D:4      | Reached skill level 1 in Short Blades
  2219 | D:4      | Reached skill level 4 in Long Blades
  2634 | D:4      | Reached skill level 1 in Evocations
  2745 | D:4      | Reached XP level 7. HP: 57/59 MP: 9/9
  2745 | D:4      | Noticed Natasha
  2751 | D:4      | Killed Natasha
  2770 | D:4      | Reached skill level 5 in Long Blades
  2997 | D:5      | Entered Level 5 of the Dungeon
  3247 | D:5      | Noticed Duvessa
  3247 | D:5      | Noticed Dowan
  3253 | D:5      | Killed Dowan
  3254 | D:5      | Reached XP level 8. HP: 67/67 MP: 10/10
  3259 | D:5      | Slain by Duvessa

Illustrated notes

Levels and vault maps discovered:
D:1:      dpeg_arrival_three_smaller_balls, layout_basic
D:2:      layout_loops_ring
D:3:      layout_basic, serial_shops, nicolae_shop_stone, st_stairs_7
D:4:      minmay_razor_zed, layout_basic, worldfamousw_hep_ancestral_shrine,
          uniq_eustachio, uniq_natasha
D:5:      layout_basic, uniq_duvessa

Skill      XL: |  1  2  3  4  5  6  7 |
---------------+----------------------+-----
Long Blades    | 2 3 4 5 |  5.6
Shields        | 3 |  3.5
Fighting       | 3 4 |  4.9
Armour         | 3 |  3.8
Throwing       | 1 2 |  2.5
Dodging        | 1 |  1.8
Short Blades   | 1 |  1.0
Evocations     | 1 2 |  2.4

Action                   |  1- 3 |  4- 6 |  7- 9 || total
-------------------------+-------+-------+-------++-------
Melee: Long sword        |    93 |       |       ||    93
       Dagger            |    26 |    16 |       ||    42
       Falchion          |       |   107 |    63 ||   170
Throw: Stone             |     3 |     2 |       ||     5
       Dart              |       |     6 |     7 ||    13
  Use: Scroll            |     1 |       |       ||     1
       Potion            |       |       |     3 ||     3
Armor: Scale mail        |    63 |    61 |    18 ||   142
Dodge: Dodged            |    52 |    60 |    28 ||   140
Block: Buckler           |    17 |    23 |     9 ||    49
